 Dungeon Crawl Stone Soup version 0.30-a0-122-g2a1322497e (webtiles) character file.

Game seed: 639842991366980934

611 Flugkiller the Trooper (level 7, 0/58 HPs)
             Began as a Formicid Artificer on Sept 15, 2022.
             Was a Believer of the Shining One.
             Slain by an orc wizard
             ... wielding a +0 dagger
              (2 damage)
             ... on level 7 of the Dungeon.
             The game lasted 00:06:32 (5255 turns).

Flugkiller the Trooper (Formicid Artificer)         Turns: 5255, Time: 00:06:32

Health: 0/58       AC:  3    Str: 19    XL:     7   Next: 72%
Magic:  7/7        EV: 11    Int: 10    God:    the Shining One [**....]
Gold:   153        SH:  0    Dex: 14    Spells: 6/6 levels left

rFire   . . .      SeeInvis +    s - +1 short sword (venom)
rCold   . . .      Faith    .    (no shield)
rNeg    + . .      Spirit   .    b - +0 leather armour
rPois   .          Reflect  .    (helmet unavailable)
rElec   .          Harm     .    (no cloak)
rCorr   +          Rampage  .    (no gloves)
Will    .....                    (no boots)
Stlth   +.........               (no amulet)
HPRegen 0.19/turn                l - ring of resist corrosion
MPRegen 0.10/turn                (no ring)

@: confused, glowing
A: permanent stasis, dig shafts and tunnels, antennae 3, four strong arms
a: Dig, Shaft Self, Renounce Religion, Divine Shield


You were on level 7 of the Dungeon.
You worshipped the Shining One.
The Shining One was pleased with you.
You visited 1 branch of the dungeon, and saw 5 of its levels.

You collected 153 gold pieces.

Inventory:

Hand Weapons
 a - a +0 club
 g - a +0 dagger
   (You took it off a kobold on level 1 of the Dungeon)
 s - a +1 short sword of venom (weapon)
   (You took it off a kobold on level 3 of the Dungeon)
 u - a +0 halberd
   (You took it off a gnoll on level 3 of the Dungeon)
Missiles
 j - 12 poisoned darts
Armour
 b - a +0 leather armour (worn)
Jewellery
 l - a ring of resist corrosion (left hand)
   (You found it on level 2 of the Dungeon)
Wands
 d - a wand of charming (12)
 e - a wand of iceblast (3)
 t - a wand of digging (1)
   (You took it off Ijyb on level 3 of the Dungeon)
Scrolls
 f - a scroll of magic mapping {unknown}
 h - a scroll of immolation
 k - a scroll of amnesia
 m - a scroll of enchant weapon
 p - a scroll of enchant armour {unknown}
 q - a scroll of butterflies {unknown}


   Skills:
 - Level 6.0 Fighting
 - Level 1.0 Short Blades
 + Level 4.7 Polearms
 - Level 2.1 Armour
 - Level 0.8 Dodging
 - Level 1.2 Stealth
 - Level 4.0 Evocations


You had 6 spell levels left.
You didn't know any spells.
Your spell library was empty.

Dungeon Overview and Level Annotations

Branches:
Dungeon (4/15) Zot: 24674
 Temple: D:4-7

Altars:
The Shining One

Shops:
D:1 ?

Annotations:
D:3 3 runed translucent doors, Hiirokazu's ghost, amateur MiFi


Innate Abilities, Weirdness & Mutations

You cannot be hasted, slowed, berserked, paralysed or teleported.
You can dig through walls and to a lower floor.
You have a pair of large antennae on your head. (SInv)
Your four strong arms can wield two-handed weapons with a shield.


Message History

You feel sick.
You are no longer poisoned.
The ice beast hits you. The ice beast freezes you.
* * * LOW HITPOINT WARNING * * *
Aiming: Throw Flame
Press: ? - help, Shift-Dir - straight line, f/p - ice beast
Aim: an ice beast (moderately wounded, haloed, 81% to hit)
The puff of flame hits the ice beast.
The ice beast melts!
The ice beast is moderately wounded.
The ice beast hits you but does no damage.
Aiming: Throw Flame
Press: ? - help, Shift-Dir - straight line, f/p - ice beast
Aim: an ice beast (moderately wounded, haloed, 81% to hit)
The puff of flame hits the ice beast.
The ice beast melts!
The ice beast is heavily wounded.
The ice beast hits you but does no damage.
Aiming: Throw Flame
Press: ? - help, Shift-Dir - straight line, f/p - ice beast
Aim: an ice beast (heavily wounded, haloed, 81% to hit)
The puff of flame hits the ice beast!
The ice beast melts!
The ice beast is almost dead.
The now-empty wand crumbles to dust.
The ice beast hits you but does no damage.
Unknown command.
You hit the ice beast but do no damage.
The ice beast is almost dead.
The ice beast completely misses you.
Your +1 short sword of venom stops dripping with poison.
You are now empty-handed.
You hit the ice beast.
The ice beast is almost dead.
The ice beast hits you but does no damage.
You hit the ice beast but do no damage.
The ice beast is almost dead.
The ice beast hits you but does no damage.
You smack the ice beast!
You kill the ice beast!
Your +1 short sword of venom begins to drip with poison!
s - a +1 short sword of venom (weapon)
You start resting.
Your transformation is almost over.
You feel less wooden.
Your +0 leather armour unmelds from your body.
You start resting.
You sense a monster nearby.
A black bear comes into view.
The black bear growls angrily.
An orc wizard comes into view. It is wielding a +0 dagger.
The orc wizard shouts!
An orc comes into view. It is wielding a +0 falchion.
An orc priest comes into view. It is wielding a +0 hand axe.
An orc comes into view. It is wielding a +0 hand axe.
The orc wizard hits you but does no damage.
The orc shouts!
The orc priest shouts!
The orc shouts!
You hit the orc wizard but do no damage.
The orc wizard is poisoned.
The orc wizard drinks a potion.
The orc wizard's spells are empowered!
Okay, then.
It was a potion of haste.
Your stasis prevents you from being hasted.
The orc wizard closely misses you.
It was a potion of curing.
You feel better.
The orc wizard hits you but does no damage.
Unknown command.
Unknown command.
You closely miss the orc wizard.
The orc wizard is lightly wounded.
The orc wizard points at you and mumbles some strange words.
You are confused.
You bump into the rock wall.
The orc priest looks braver for a moment.
The orc wizard points at you and mumbles some strange words.
The magic dart hits you!
You aren't carrying any potions.
Unknown command.
You are too confused!
Unknown command.
You hit the orc wizard.
The orc wizard looks even sicker.
The orc wizard is severely wounded.
The black bear bites you. The black bear claws you. x2
The orc wizard points at you and mumbles some strange words.
You are more confused.
You closely miss the orc wizard.
The orc wizard is severely wounded.
The black bear bites you.
* * * LOW HITPOINT WARNING * * *
The black bear claws you.
* * * LOW HITPOINT WARNING * * *
The black bear claws you.
* * * LOW HITPOINT WARNING * * *
The orc wizard hits you with a +0 dagger.
* * * LOW HITPOINT WARNING * * *
The black bear attacks as you move away!
The black bear bites you.
* * * LOW HITPOINT WARNING * * *
The black bear claws you.
* * * LOW HITPOINT WARNING * * *
The black bear completely misses you.
The orc wizard hits you with a +0 dagger.
You die...

##### #@oo#
#h#o# #.#.#
#o#.# #.#..#
## ##.##o##..
#.....o..#
#..##......#.
#..##{.......


You could see a black bear, an orc priest, an orc wizard (empowered, very
poisoned) and 2 orcs.

Vanquished Creatures
  An ice beast (D:7)
  A sky beast (D:7)
  A bullfrog (D:7)
  A scorpion (D:7)
  A hound (D:4)
  Ijyb (D:3)
  Natasha (twice) (D:2)
  6 adders
  4 gnolls (D:3)
  A worm (D:2)
  2 dart slugs
  6 orcs
  7 endoplasms
  4 giant cockroaches
  6 goblins
  7 hobgoblins
  4 jackals (D:1)
  4 quokkas
  7 ball pythons
  7 bats
  4 frilled lizards
  7 kobolds
84 creatures vanquished.

Vanquished Creatures (others)
  An adder (D:3)
  A jackal (D:1)
2 creatures vanquished.

Grand Total: 86 creatures vanquished

Notes
Turn   | Place    | Note
-------+----------+-------------------------------------------
     0 | D:1      | Flugkiller the Formicid Artificer began the quest for the
                  | Orb.
     0 | D:1      | Reached XP level 1. HP: 15/15 MP: 1/1
   112 | D:1      | Found Hiemal's Magic Scroll Shoppe.
   423 | D:1      | Reached skill level 2 in Fighting
   423 | D:1      | Reached XP level 2. HP: 15/22 MP: 2/2
  1429 | D:1      | Reached skill level 3 in Fighting
  1429 | D:1      | Reached XP level 3. HP: 16/29 MP: 3/3
  2250 | D:2      | Found a faded altar of an unknown god.
  2278 | D:2      | Prayed at the altar of an unknown god.
  2278 | D:2      | Became a worshipper of the Shining One
  2278 | D:2      | Reached * piety under the Shining One
  2329 | D:2      | Noticed Natasha
  2339 | D:2      | Killed Natasha
  2340 | D:2      | Reached skill level 4 in Fighting
  2340 | D:2      | Reached XP level 4. HP: 18/37 MP: 4/4
  2627 | D:2      | Noticed Natasha
  2635 | D:2      | Killed Natasha
  2638 | D:2      | Reached XP level 5. HP: 17/42 MP: 5/5
  3549 | D:3      | Reached skill level 5 in Fighting
  3950 | D:3      | Noticed Ijyb
  3959 | D:3      | Killed Ijyb
  3960 | D:3      | Reached skill level 1 in Short Blades
  3960 | D:3      | Reached XP level 6. HP: 31/51 MP: 6/6
  4260 | D:3      | HP: 2/52 [gnoll/+0 club (8)]
  4741 | D:3      | Found a runed translucent gate.
  4741 | D:3      | Found a runed translucent gate.
  4742 | D:3      | Found a runed translucent gate.
  4746 | D:3      | Noticed Hiirokazu's ghost (amateur MiFi)
  4746 | D:3      | Reached ** piety under the Shining One
  5100 | D:4      | Reached skill level 6 in Fighting
  5100 | D:4      | Reached skill level 1 in Polearms
  5132 | D:4      | You fall into a shaft and drop 3 floors!
  5143 | D:7      | Noticed a sky beast
  5154 | D:7      | Killed a sky beast
  5155 | D:7      | Reached XP level 7. HP: 40/58 MP: 7/7
  5255 | D:7      | HP: 2/58 [black bear (6)]
  5255 | D:7      | Slain by an orc wizard

Illustrated notes

Levels and vault maps discovered:
D:1:      shiori_shiawase, layout_loops_corners, serial_shops, shop_scrolls
D:2:      layout_basic, basic_ecumenical_altar, uniq_natasha
D:3:      layout_loops_ring, ebering_ghost_rock_garden,
          minmay_increasing_density, uniq_ijyb
D:4:      layout_cave_pools, nicolae_vehumet_radiance,
          kennysheep_cluttered_room, serial_bayou_pond_b, grunt_ministairs_9,
          uniq_edmund
D:7:      layout_rooms, hangedman_decor_lopped, minmay_lizard_king

Skill      XL: |  1  2  3  4  5  6  7 |
---------------+----------------------+-----
Fighting       | 2 3 4 5 6 |  6.0
Evocations     | 4 |  4.0
Short Blades   | 1 |  1.0
Polearms       | 2 4 |  4.7
Armour         | |  2.1
Dodging        | |  0.8
Stealth        | |  1.2

Action                   |  1- 3 |  4- 6 |  7- 9 || total
-------------------------+-------+-------+-------++-------
Melee: Club              |   138 |   111 |       ||   249
       Punch             |       |     2 |       ||     2
       Short sword       |       |    66 |    17 ||    83
       Unarmed           |       |       |     3 ||     3
Evoke: Wand              |     7 |     7 |     6 ||    20
  Use: Scroll            |     4 |     3 |       ||     7
       Potion            |       |       |     5 ||     5
 Stab: Sleeping          |     2 |       |       ||     2
Armor: Leather armour    |    52 |    33 |     6 ||    91
       Skin              |       |       |     7 ||     7
Dodge: Dodged            |    97 |   108 |     6 ||   211

Table legend: (Time is in decaauts)
 A = Elapsed time spent in this place.
 B = Non-inter-level travel time spent in this place.
 C = Inter-level travel time spent in this place.
 D = Time resting spent in this place.
 E = Time spent auto-exploring this place.
 F = Levels seen in this place.
 G = Mean time per level.
                   A        B        C        D        E       F      G
               +--------+--------+--------+--------+--------+-----+--------+
         Total |   5324 |   5255 |     69 |   2326 |   1838 |   5 | 1064.8 |
       Dungeon |   5324 |   5255 |     69 |   2326 |   1838 |   5 | 1064.8 |
               +--------+--------+--------+--------+--------+-----+--------+

Top non-repeatable levels by time:
     D:1: 1936 daAuts
     D:3: 1694 daAuts
     D:2: 1464 daAuts
     D:7: 120 daAuts
     D:4: 109 daAuts
